 Dungeon Crawl Stone Soup version 0.14-a0-2592-g262d02f (webtiles) character file.

466 Econoterrorist the Covert (level 6, 0/28 HPs)
             Began as a Spriggan Enchanter on Feb 12, 2014.
             Slain by a gnoll
             ... wielding a +0,+0 halberd
              (7 damage)
             ... on Level 3 of the Dungeon.
             The game lasted 00:12:27 (3158 turns).

Econoterrorist the Covert (Spriggan Enchanter)      Turns: 3158, Time: 00:12:27

HP   0/28        AC  3     Str  6      XL: 6   Next: 46%
MP   6/22        EV 18     Int 17      God:
Gold 85          SH  0     Dex 16      Spells:  3 memorised, 11 levels left

rFire  . . .     SeeInvis +     a - +1 dagger
rCold  . . .     Clarity  .     b - +1 robe
rNeg   . . .     Conserve .     (shield restricted)
rPois  .         rCorr    .     (helmet restricted)
rElec  .         rRot     .     (no cloak)
SustAb . .       Spirit   .     (gloves unavailable)
rMut   .         Warding  .     (boots unavailable)
Saprov . . .     Stasis   .     (no amulet)
MR     +....                    (no ring)
                                (no ring)

@: very slightly contaminated, very quick, somewhat resistant to hostile
enchantments, very stealthy
A: unfitting armour, see invisible, herbivore 3, speed 3, slow metabolism 2
a: no special abilities


You were on level 3 of the Dungeon.
You were full.

You visited 1 branch of the dungeon, and saw 3 of its levels.

You collected 85 gold pieces.

Inventory:

Hand weapons
 a - a +1,+1 dagger (weapon)
 e - a +0,+2 whip of electrocution
 v - a +4,+1 elven short sword
Missiles
 d - 8 darts (quivered)
Armour
 b - a +1 robe (worn)
Comestibles
 m - a choko
 n - a pear
 o - 2 bread rations
 q - 3 lychees
 x - an orange
Scrolls
 f - a scroll of curse armour {unknown}
 k - 3 scrolls of remove curse {unknown}
 l - a scroll of immolation {unknown}
 s - a scroll of teleportation {unknown}
 t - a scroll of curse weapon {unknown}
 u - a scroll of identify {unknown}
 w - a scroll of recharging {unknown}
Potions
 g - 2 potions of restore abilities {unknown}
 h - 2 potions of lignification {unknown}
 i - 2 potions of heal wounds {unknown}
 j - 2 potions of curing {unknown}
 p - a potion of cure mutation {unknown}
 r - 3 potions of speed {unknown}
Books
 c - a book of Maledictions

   Spells                             Type                      Level
   *Corona                            Hexes                        1
   Sure Blade                         Hexes/Charms                 2
   *Ensorcelled Hibernation           Hexes/Ice                    2
   *Confuse                           Hexes                        3
   Enslavement                        Hexes                        4
   Invisibility                       Hexes                        6


   Skills:
 + Level 1.3 Short Blades
 - Level 1.1 Throwing
 - Level 3.0 Dodging
 - Level 8.1 Stealth
 - Level 6.0 Spellcasting
 - Level 3.6 Hexes


You had 11 spell levels left.
You knew the following spells:

 Your Spells              Type           Power        Failure   Level  Hunger
a - Corona                Hex            ###....      2%          1    None
b - Ensorcelled Hibernat  Hex/Ice        ##....       12%         2    None
c - Confuse               Hex            ###.....     10%         3    ##.....


Dungeon Overview and Level Annotations

Branches:
Dungeon (3/16)

Altars:


Innate Abilities, Weirdness & Mutations

You are tiny and cannot use many weapons and most armour.
You have supernaturally acute eyesight.
You are a herbivore.
You cover ground extremely quickly.
You need consume almost no food.


Message History

Aim: a gnoll, wielding a halberd The gnoll resists with significant effort.
Casting: Ensorcelled Hibernation
Confirm with . or Enter, or press ? or * to list all spells.
Aiming: Ensorcelled Hibernation
Press: ? - help, Shift-Dir - straight line, f/p - gnoll
Aim: a gnoll, wielding a halberd The gnoll looks drowsy...
The gnoll shouts!
The gnoll misses you.
You hit the gnoll.
The gnoll is moderately wounded.
The gnoll barely misses you.
Casting: Ensorcelled Hibernation
Confirm with . or Enter, or press ? or * to list all spells.
Aiming: Confuse
Press: ? - help, Shift-Dir - straight line, f/p - gnoll
Aim: a gnoll, wielding a halberd (moderately wounded)
The gnoll appears confused.
The gnoll hits you with a halberd!
You die...

................>.#
###.#############.###
#.# ### #.... #.# #..
...... #.# #.#
###.### ###.#### #.#
#.# .......# #(# #.#
.##.##.# ##.#######<#
.##.##.# #....)g@...#
.##....# #..#########
.#...#.# #..#
..###..# #..# .##
##.# #..# .# #.# #..#
.## ##)# #..#
#.###..# #..#####
##.g.#.###).....#


You could see a gnoll (confused).

Vanquished Creatures
  An ogre (D:3)
  A gnoll shaman (D:3)
  Jessica (D:2)
  Terence (D:2)
  4 adders
  13 gnolls (D:3)
  A giant mite (D:2)
  3 giant geckos
  6 bats
  3 giant cockroaches
  9 hobgoblins
  4 jackals (D:3)
  9 kobolds
  2 quokkas (D:2)
  A ball python (D:3)
  5 giant newts
  4 goblins
  8 rats
76 creatures vanquished.

Notes
Turn   | Place    | Note
--------------------------------------------------------------
     0 | D:1      | Econoterrorist, the Spriggan Enchanter, began the quest for the Orb.
     0 | D:1      | Reached XP level 1. HP: 9/9 MP: 4/4
    46 | D:1      | Reached skill level 4 in Stealth
    74 | D:1      | Reached XP level 2. HP: 10/13 MP: 7/7
    78 | D:1      | Learned a level 2 spell: Ensorcelled Hibernation
   274 | D:1      | Reached skill level 5 in Stealth
   705 | D:1      | Reached XP level 3. HP: 16/16 MP: 9/9
   801 | D:2      | Noticed Jessica
   808 | D:2      | Killed Jessica
   808 | D:2      | Reached skill level 6 in Stealth
  1031 | D:2      | Learned a level 3 spell: Confuse
  1061 | D:2      | Reached XP level 4. HP: 13/21 MP: 1/12
  1478 | D:2      | Reached skill level 7 in Stealth
  1556 | D:2      | Noticed Terence
  1561 | D:2      | Killed Terence
  1990 | D:3      | Reached skill level 8 in Stealth
  2104 | D:3      | Reached XP level 5. HP: 24/24 MP: 5/15
  2194 | D:3      | Noticed a black bear
  2462 | D:3      | Noticed an ogre
  2524 | D:3      | Killed an ogre
  2524 | D:3      | Reached skill level 5 in Spellcasting
  2524 | D:3      | Reached XP level 6. HP: 3/28 MP: 3/21
  3158 | D:3      | Slain by a gnoll

Action                   |  1- 3 |  4- 6 || total
-------------------------+-------+-------++-------
Melee: Dagger            |   126 |    36 ||   162
       Short sword       |       |    61 ||    61
Throw: Dart              |       |     8 ||     8
 Cast: Ensorcelled Hiber |     8 |    54 ||    62
       Corona            |       |     1 ||     1
       Confuse           |       |     1 ||     1
  Use: Potion            |       |     1 ||     1
 Stab: Sleeping          |    11 |    26 ||    37
